 Dungeon Crawl Stone Soup version bcrawl-1.30 (webtiles) character file.

Game seed: 4125825477061342827

344195 Chiseanne the Thaumaturge (level 10, -11/66 HPs)
             Began as a Skeleton Archaeologist on Mar 1, 2021.
             Was a Priest of Vehumet.
             Engulfed by a cloud of flame (12 damage)
             ... on level 8 of the Dungeon on Mar 11, 2021.
             The game lasted 00:25:05 (8119 turns).

Chiseanne the Thaumaturge (Skeleton Archaeologist)  Turns: 8119, Time: 00:25:06

Health: -11/66     AC: 10    Str: 16 (18) XL:     10   Next: 59%
Magic:  0/23       EV: 13    Int: 14 (15) God:    Vehumet [***...]
Gold:   280        SH:  0    Dex:  7 (8)  Spells: 23/28 levels left

rFire    + . .     SeeInvis +   a - +6 trident (venom)
rCold    + . .     Gourm    .   (no shield)
rNeg     + + +     Faith    .   y - +0 troll leather armour
rPois    ∞         Spirit   +   d - +2 hat
rElec    .         Reflect  .   (no cloak)
rCorr    .         Harm     .   c - +0 pair of gloves
MR       +....                  e - +1 pair of boots
Stlth    ++........             (no amulet)
HPRegen  0.61/turn              v - ring of see invisible
MPRegen  0.18/turn              h - ring of protection from fire

@: about to teleport
A: no food or potions, cold resistance 1, deterioration 1, negative energy
resistance 3, powered by death 1, torment resistance, unbreathing, magic shield,
sturdy frame 2, spell healing
a: Renounce Religion


You were on level 8 of the Dungeon.
You worshipped Vehumet.
Vehumet was most pleased with you.
You were not hungry.

You visited 1 branch of the dungeon, and saw 9 of its levels.
You also visited: Ossuary.

You collected 480 gold pieces.
You spent 200 gold pieces at shops.

Inventory:

Hand Weapons
 a - a +6 trident of venom (weapon)
 s - the +5 spear of Distant Worlds {freeze, +Rage rF+ Dex+2}
   (You bought it in a shop on level 5 of the Dungeon)

   It has been specially enchanted to freeze those struck by it, increasing
   damage dealt by approximately one third against foes not resistant or
   susceptible to cold, and potentially slowing cold-blooded foes.
   It affects your dexterity (+2).
   It protects you from fire.
   It lets you go berserk.
 w - a +0 blowgun
Missiles
 b - 14 poisoned needles
 f - 6 curare-tipped needles
 j - 457 bolts
 m - 1071 arrows
 n - 153 poisoned tomahawks (quivered)
 p - 251 sling bullets
 u - 7 throwing nets {=f}
Armour
 c - a +0 pair of gloves (worn)
 d - a +2 hat (worn)
 e - a +1 pair of boots (worn)
 y - a +0 troll leather armour (worn)
Jewellery
 h - a ring of protection from fire (right hand)
 l - a +4 ring of evasion
 v - a ring of see invisible (left hand)
 x - the ring of Lolauf {rF+ rN+ Int-5 Stlth--, unknown}
   (You found it on level 5 of the Dungeon)

   [ring of attention]

   It affects your intelligence (-5).
   It protects you from fire.
   It protects you from negative energy.
   It makes you much less stealthy.
 C - a +5 ring of protection {unknown}
Wands
 r - a wand of disintegration (7)
 t - a wand of polymorph (10)
 A - a wand of random effects (10)
Scrolls
 g - 5 scrolls of magic mapping
 i - 18 scrolls of identify
 k - a scroll of teleportation
 o - a scroll of fear
 q - 7 scrolls of remove curse
 z - a scroll of enchant weapon
 B - a scroll of enchant armour


   Skills:
 * Level 9.4 Fighting
   Level 1.2 Maces & Flails
 - Level 5.4 Armour
 - Level 6.1 Dodging
 - Level 3.6 Stealth
 * Level 9.9 Spellcasting
 * Level 9.0 Conjurations


You had 23 spell levels left.
You knew the following spells:

 Your Spells              Type           Power        Failure   Level  Hunger
a - Magic Dart            Conj           ####         1%          1    N/A
b - Shock                 Conj/Air       ###..        1%          1    N/A
c - Conjure Flame         Conj/Fire      ###.....     1%          3    N/A
Your spell library was empty.

Dungeon Overview and Level Annotations

Branches:
Dungeon (9/12)             Temple (0/1) D:6            Lair (0/6) D:8
    Orc: D:8-11

Altars:
Dithmenos
Fedhas
Hepliaklqana
Kikubaaqudgha
Lugonu
Qazlal
Ru
Uskayaw
Vehumet
Wu Jian
Xom
Yredelemnul
The Shining One

Shops:
D:5 !(=!   D:8 !

Portals:
Trove: D:8 (give 10 scrolls of teleportation)

Annotations:
D:5 2 transporters, Anmu's ghost, novice FoFi
D:8 2 transporters, Mehrunes's ghost, novice DgFi


Innate Abilities, Weirdness & Mutations

You do not eat or drink.
You are immune to poison.
Your flesh is cold resistant. (rC+)
Your body sometimes deteriorates upon taking damage.
You are immune to negative energy. (rN+++)
You regenerate a little health from kills.
You are immune to unholy pain and torment.
You can survive without breathing.
When hurt, damage is shared between your health and your magic reserves.
Your movements are less encumbered by armour. (ER -4)
Casting spells heals you.


Message History

Aim: a two-headed ogre, wielding a +0 giant spiked club and a +0 dire flail (almost dead, poisoned, chance to defeat MR: 48%) That beam is likely to hit you.
Continue anyway?
The two-headed ogre is blasted!
The two-headed ogre explodes!
You resist. The fiery explosion engulfs you.
* * * LOW HITPOINT WARNING * * *
Vehumet accepts your kill.
You feel your power returning.
You are engulfed in blazing flames.
You resist.
* * * LOW HITPOINT WARNING * * *
You feel your dexterity returning.
Your Conjurations skill increases to level 9!
Unknown command.
Okay, then.
You can't drink.
Unknown command.
Evoke which item? (* to show all) (? for menu, Esc to quit)
Okay, then.
As you read the scroll of teleportation, it crumbles to dust.
You feel strangely unstable.
You are engulfed in blazing flames.
You resist.
You die...

####....# ##.##'####
#........# ###
#.......#####.#
#.......##....#
#.............#
#§§...........#
##§§...........#
#@§§#######....#
####.....##...####
#......##'####..
#......#........
#......#........
#...<..#....>...
#######'######.......
##....##.....##.......
#............##.....##


There were no monsters in sight!

Vanquished Creatures
  A two-headed ogre (D:8)
  An elephant (D:8)
  2 trolls (D:7)
  3 hippogriffs
  2 yaks
  2 basilisks (D:8)
  A steam dragon (D:6)
  A hungry ghost (D:7)
  Duvessa (D:4)
  2 orc warriors
  2 sky beasts (D:4)
  2 ice beasts
  5 ogres
  4 centaurs
  A necrophage (D:6)
  A bullfrog (D:6)
  2 elf zombies (D:6)
  A big kobold (D:8)
  Dowan (D:4)
  2 elf skeletons (D:6)
  A water moccasin zombie (D:6)
  2 scorpions
  A howler monkey (D:4)
  3 crimson imps
  2 centaur zombies
  A centaur skeleton (D:8)
  2 hounds
  4 orc priests
  7 orc wizards
  4 iguanas
  A human zombie (D:6)
  3 worker ants
  Natasha (thrice) (D:4)
  5 big kobold zombies (Ossuary)
  A hound zombie (D:3)
  2 hound skeletons
  4 mummies (Ossuary)
  A worker ant zombie (D:6)
  7 adders
  2 shadow imps
  2 oozes (D:3)
  An adder zombie (D:6)
  An adder skeleton (D:4)
  3 worms
  2 dart slugs
  6 leopard geckos
  18 orcs
  2 giant cockroaches
  4 goblins
  5 hobgoblins
  8 jackals
  18 kobolds
  3 quokkas
  9 bats
  4 frilled lizards
  A hobgoblin zombie (Ossuary)
  An orc skeleton (D:6)
  2 quokka skeletons
  6 rats
  A spectral orc (D:6)
190 creatures vanquished.

Vanquished Creatures (others)
  3 plants (D:8)
3 creatures vanquished.

Grand Total: 193 creatures vanquished

Notes
Turn   | Place    | Note
-------+----------+-------------------------------------------
     0 | D:1      | Chiseanne the Skeleton Archaeologist began the quest for
                  | the Orb.
     0 | D:1      | Reached XP level 1. HP: 12/12 MP: 1/1
   238 | D:1      | Reached XP level 2. HP: 15/16 MP: 2/2
   884 | D:1      | Reached XP level 3. HP: 21/21 MP: 3/3
  1407 | D:2      | Reached skill level 1 in Armour
  1681 | D:2      | Reached XP level 4. HP: 20/27 MP: 4/4
  2171 | D:3      | Got a faintly glowing jade ring
  2195 | D:3      | Identified the ring "Ceda" {rPois Stlth--} (You found it on
                  | level 3 of the Dungeon)
  2207 | D:3      | Found a radiant altar of Vehumet.
  2207 | D:3      | Noticed a centaur
  2344 | D:3      | Found an ancient bone altar of Kikubaaqudgha.
  2474 | D:3      | Killed a centaur
  2475 | D:3      | Reached XP level 5. HP: 7/32 MP: 2/5
  2475 | D:3      | Identified a scroll of acquirement
  2476 | D:3      | Identified the +1 pair of gloves of Midnight {rC++} (You
                  | acquired it on level 3 of the Dungeon)
  2476 | D:3      | Identified the ring "Geyl Voi" {rPois rF+ MP+9 Str-3 SInv}
                  | (You acquired it on level 3 of the Dungeon)
  2661 | D:3      | Became a worshipper of Vehumet
  3120 | D:4      | Gained mutation: You regenerate a little health from kills.
                  | [Skeleton growth]
  3120 | D:4      | Reached XP level 6. HP: 30/38 MP: 4/6
  3213 | D:4      | Noticed a sky beast
  3267 | D:4      | Killed a sky beast
  3268 | D:4      | Reached skill level 5 in Dodging
  3320 | D:4      | Found a blossoming altar of Fedhas.
  3320 | D:4      | Found a glowing golden altar of the Shining One.
  3321 | D:4      | Found a hide-covered altar of Uskayaw.
  3528 | D:4      | Reached XP level 7. HP: 44/44 MP: 7/7
  3728 | D:4      | Noticed Dowan
  3732 | D:4      | Noticed Duvessa
  3747 | D:4      | Killed Duvessa
  3757 | D:4      | Reached skill level 5 in Fighting
  3770 | D:4      | Killed Dowan
  3796 | D:4      | Noticed Natasha
  3804 | D:4      | Killed Natasha
  3805 | D:4      | Reached skill level 5 in Armour
  3990 | D:4      | Noticed Natasha
  4004 | D:4      | Killed Natasha
  4014 | D:4      | Noticed Natasha
  4020 | D:4      | Killed Natasha
  4020 | D:4      | Reached * piety under Vehumet
  4020 | D:4      | Offered knowledge of Shock by Vehumet.
  4032 | D:4      | Reached skill level 1 in Spellcasting
  4032 | D:4      | Reached XP level 8. HP: 49/50 MP: 8/10
  4249 | D:4      | Learned a level 1 spell: Shock
  4257 | D:5      | Entered Level 5 of the Dungeon
  4310 | D:4      | Reached skill level 1 in Conjurations
  4428 | D:5      | Found a shadowy altar of Dithmenos.
  4466 | D:5      | Found Bomitat's Distillery.
  4507 | D:5      | Found an ancient bone altar of Kikubaaqudgha.
  4593 | D:5      | Found a corrupted altar of Lugonu.
  4666 | D:5      | Got a scintillating bronze ring
  4759 | D:5      | Found a transporter.
  4764 | D:5      | Found a transporter.
  4765 | D:5      | Noticed Anmu's ghost (novice FoFi)
  4765 | D:5      | Noticed a hornet
  4851 | D:5      | Found Debiczea's Jewellery Shoppe.
  4945 | D:5      | Found a stormy altar of Qazlal.
  4977 | D:5      | Found Ilocomun's Antique Weapon Emporium.
  4981 | D:5      | Bought a slimy spear for 200 gold pieces
  4983 | D:5      | Identified the +5 spear of Distant Worlds {freeze, +Rage
                  | rF+ Dex+2} (You bought it in a shop on level 5 of the
                  | Dungeon)
  5039 | D:5      | Found Ymuuh's Distillery.
  5098 | D:6      | Noticed a hippogriff
  5107 | D:6      | Killed a hippogriff
  5217 | D:6      | Found a basalt altar of Yredelemnul.
  5257 | D:6      | Reached skill level 5 in Spellcasting
  5340 | D:6      | Reached XP level 9. HP: 55/56 MP: 13/17
  5363 | D:6      | Found a sand-covered staircase.
  5369 | Ossuary  | Entered an ossuary
  5472 | Ossuary  | Reached ** piety under Vehumet
  5509 | Ossuary  | Offered knowledge of Magic Dart by Vehumet.
  5658 | D:6      | Reached skill level 5 in Conjurations
  5733 | D:6      | Found a hazy altar of Hepliaklqana.
  5865 | D:6      | Found a staircase to the Ecumenical Temple.
  6393 | D:6      | Learned a level 1 spell: Magic Dart
  6533 | D:7      | Found a stormy altar of Qazlal.
  6635 | D:7      | Found a sacrificial altar of Ru.
  6641 | D:7      | Found a shimmering altar of Xom.
  6748 | D:7      | Noticed a troll
  6758 | D:7      | HP: 2/60 [troll (8)]
  6925 | D:7      | Killed a troll
  7097 | D:7      | Noticed a troll
  7106 | D:7      | Killed a troll
  7106 | D:7      | Offered knowledge of Conjure Flame by Vehumet.
  7107 | D:7      | Gained mutation: Your movements are less encumbered by
                  | armour. (ER -4) [Skeleton growth]
  7107 | D:7      | Reached XP level 10. HP: 42/65 MP: 16/22
  7128 | D:7      | Learned a level 3 spell: Conjure Flame
  7304 | D:8      | Found a portal to a secret trove of treasure.
  7358 | D:8      | Found Xudeiv's Distillery.
  7463 | D:8      | Reached *** piety under Vehumet
  7554 | D:8      | Found an ornate altar of the Wu Jian Council.
  7558 | D:8      | Chiseanne: why is this shit running so slow ?
  7618 | D:8      | Noticed Mehrunes's ghost (novice DgFi)
  7681 | D:8      | Found a transporter.
  7699 | D:8      | Found a transporter.
  7779 | D:8      | Noticed an elephant
  7796 | D:8      | Found a staircase to the Lair.
  7801 | D:8      | Upgraded the game from bcrawl-1.29.2 to bcrawl-1.30
  7816 | D:8      | Killed an elephant
  8047 | D:9      | Noticed a two-headed ogre
  8118 | D:8      | Killed a two-headed ogre
  8118 | D:8      | HP: 1/65 [cloud of flame (11)]
  8119 | D:8      | Engulfed by a cloud of flame

Skill      XL: |  1  2  3  4  5  6  7  8  9 10 |
---------------+-------------------------------+-----
Fighting       | 2 3 4 5 6 8 9 |  9.4
Armour         | 1 2 3 4 5 |  5.4
Dodging        | 4 5 6 |  6.1
Spellcasting   | 1 5 8 9 |  9.9
Conjurations   | 4 7 9 |  9.0
Maces & Flails | |  1.2
Stealth        | |  3.6

Action                   |  1- 3 |  4- 6 |  7- 9 | 10-12 || total
-------------------------+-------+-------+-------+-------++-------
Melee: Whip              |    92 |       |       |       ||    92
       Spear             |   153 |    13 |       |       ||   166
       Mace              |       |    47 |       |       ||    47
       Trident           |       |    89 |   317 |    65 ||   471
Throw: Tomahawk          |       |       |     7 |       ||     7
 Cast: Shock             |       |       |   118 |    14 ||   132
       Magic Dart        |       |       |    35 |    23 ||    58
       Conjure Flame     |       |       |       |     5 ||     5
Evoke: Wand              |       |     1 |       |     4 ||     5
  Use: Scroll            |       |     7 |     5 |     2 ||    14
 Stab: Distracted        |       |       |     1 |       ||     1
       Sleeping          |       |       |     1 |       ||     1
Armor: Robe              |    48 |       |       |       ||    48
       Chain mail        |   114 |    78 |    39 |       ||   231
       Leather armour    |       |       |    72 |       ||    72
       Troll leather arm |       |       |     6 |    42 ||    48
Dodge: Dodged            |   144 |   107 |   250 |    81 ||   582
